 Dungeon Crawl Stone Soup version 0.22.1-5-g62c59d919a (webtiles) character file.

181 Riddle the Ducker (level 5, 0/25 HPs)
             Began as a Felid Artificer on Jan 15, 2019.
             Slain by Aweguy's ghost (5 damage)
             ... on level 3 of the Dungeon.
             The game lasted 00:06:27 (5167 turns).

Riddle the Ducker (Felid Artificer)                 Turns: 5167, Time: 00:06:28

Health: 0/25       AC:  1    Str:  8    XL:     5   Next: 34%
Magic:  0/8        EV: 21    Int: 13    God:
Gold:   129        SH:  0    Dex: 17    Spells: 4/4 levels left
                                        Lives:  0   Deaths: 1

rFire    . . .     SeeInvis +     - Unarmed
rCold    . . .     Gourm    .   (shield unavailable)
rNeg     . . .     Faith    .   (armour unavailable)
rPois    .         Spirit   +   (helmet unavailable)
rElec    .         Reflect  .   (cloak unavailable)
rCorr    .         Harm     .   (gloves unavailable)
MR       .....                  (boots unavailable)
Stlth    ++........             e - amulet of guardian spirit
HPRegen  0.08/turn              (no ring)
MPRegen  0.11/turn              (no ring)

@: quick
A: very small, no armour, no weapons or thrown items, stealth, claws 1, fangs 3,
see invisible, carnivore, speed 1, shaggy fur 1, slow metabolism 1, sharp paws
a: no special abilities


You were on level 3 of the Dungeon.
You were very full.

You visited 1 branch of the dungeon, and saw 4 of its levels.

You collected 129 gold pieces.

Inventory:

Jewellery
 e - an amulet of guardian spirit (around neck)
Wands
 a - a wand of flame (15)
 b - a wand of enslavement (15)
 c - a wand of random effects (46)
 q - a wand of scattershot (9)
Scrolls
 f - 3 scrolls of identify
 k - 2 scrolls of blinking {unknown}
 l - 2 scrolls of fog {unknown}
 m - 2 scrolls of random uselessness {unknown}
 p - a scroll of enchant weapon {unknown}
 r - a scroll of fear {unknown}
 s - a scroll of amnesia {unknown}
 t - a scroll of remove curse {unknown}
 u - a scroll of teleportation {unknown}
 v - a scroll of enchant armour {unknown}
 y - a scroll of magic mapping {unknown}
 z - a scroll of noise {unknown}
Potions
 g - 5 potions of might {unknown}
 h - 3 potions of berserk rage {unknown}
 i - 2 potions of agility {unknown}
 j - a potion of lignification {unknown}
 n - a potion of mutation {unknown}
 o - a potion of ambrosia {unknown}
 w - a potion of heal wounds {unknown}
 x - a potion of flight {unknown}
Comestibles
 d - 6 rations


   Skills:
 + Level 3.6 Fighting
 + Level 5.9 Dodging
 - Level 1.3 Stealth
 - Level 1.2 Unarmed Combat
 - Level 3.8 Evocations


You had 4 spell levels left.
You didn't know any spells.
Your spell library was empty.

Dungeon Overview and Level Annotations

Branches:
Dungeon (4/15)
 Temple: D:4-7

Altars:

Shops:
D:4 [

Annotations:
D:3 Aweguy's ghost, weakling DrCj
D:4 exclusion: worker ant


Innate Abilities, Weirdness & Mutations

You cannot wear armour.
You are incapable of wielding weapons or throwing items.
Your paws allow you to move quietly. (Stealth)
You have sharp claws.
You have razor-sharp teeth.
You have supernaturally acute eyesight. (SInv)
You are carnivorous and can eat meat at any time.
You cover ground quickly.
You are covered in fur. (AC +1)
You have a slow metabolism.
Your sharp claws are effective at attacking unaware monsters.


Message History

Aweguy's ghost hits you!
You are too injured to fight recklessly!
You scratch Aweguy's ghost.
Aweguy's ghost is lightly damaged.
Aweguy's ghost completely misses you.
You scratch Aweguy's ghost but do no damage.
Aweguy's ghost is lightly damaged.
Aweguy's ghost completely misses you.
You closely miss Aweguy's ghost.
Aweguy's ghost is lightly damaged.
Aweguy's ghost hits you!
* * * LOW HITPOINT WARNING * * *
You scratch Aweguy's ghost.
Aweguy's ghost is moderately damaged.
Aweguy's ghost completely misses you.
You closely miss Aweguy's ghost.
You bite Aweguy's ghost, but do no damage.
Aweguy's ghost is moderately damaged.
Aweguy's ghost hits you!
You die...

#.....##.#.....#
#.#.....##.#.....# #
#.#.#.....##.#.....# #
#.#.#.....##.#.....# ## #
#.#.#.....##.#.....# #.
#.#.#.#.....##.......# #.
#.#.#.#.....##.#.#.### #.
#>...................#####.
#.#.#.##).@....#...........
#........##W##.............
##.......#.≈.#.....##.#####
#..######.≈.###.#.##.## #
#.....###.≈.# #.#.##..# #
#.....÷.#.≈.# ..#.###.## #
#.#######.$.### #. #..# #
#. ##### ##.### #. #..##


You could see Aweguy's ghost.

Vanquished Creatures
  2 orc priests (D:3)
  An orc wizard (D:4)
  A worker ant zombie (D:4)
  A howler monkey skeleton (D:3)
  5 adders
  2 dart slugs (D:1)
  3 leopard geckos
  8 orcs
  11 bats
  3 giant cockroaches
  7 goblins
  7 hobgoblins
  2 jackals (D:4)
  9 kobolds
  3 quokkas (D:3)
  7 frilled lizards
  5 rats
77 creatures vanquished.

Notes
Turn   | Place    | Note
-------+----------+-------------------------------------------
     0 | D:1      | Riddle the Felid Artificer began the quest for the Orb.
     0 | D:1      | Reached XP level 1. HP: 9/9 MP: 4/4
    69 | D:1      | Reached skill level 3 in Dodging
   132 | D:1      | Reached XP level 2. HP: 3/12 MP: 1/5
  1028 | D:1      | Reached XP level 3. HP: 10/15 MP: 3/6
  1646 | D:2      | Reached skill level 4 in Dodging
  2446 | D:3      | Reached XP level 4. HP: 8/19 MP: 3/7
  3479 | D:3      | HP: 1/20 [orc priest (3)]
  3483 | D:3      | Slain by an orc priest
  3484 | D:3      | Reached XP level 3. HP: 0/16 MP: 0/6
  3708 | D:4      | Reached skill level 5 in Dodging
  3708 | D:4      | Reached XP level 4. HP: 14/20 MP: 5/7
  3807 | D:4      | Found Yqohygisor's Armour Shoppe.
  4417 | D:4      | Noticed an ogre
  4820 | D:3      | Reached XP level 5. HP: 16/24 MP: 5/8
  5091 | D:3      | Found a runed door.
  5098 | D:3      | Noticed Aweguy's ghost (weakling DrCj)
  5167 | D:3      | Slain by Aweguy's ghost

Skill      XL: |  1  2  3  4 |
---------------+-------------+-----
Dodging        | 3 5 |  5.9
Fighting       | 2 3 |  3.6
Stealth        | |  1.3
Unarmed Combat | |  1.2
Evocations     | |  3.8

Action                   |  1- 3 |  4- 6 || total
-------------------------+-------+-------++-------
Melee: Unarmed           |   202 |   203 ||   405
       Bite              |    21 |    19 ||    40
  Use: Scroll            |     1 |       ||     1
 Stab: Sleeping          |    12 |     4 ||    16
  Eat: Chunk             |    11 |     9 ||    20
Armor: Skin              |    10 |     9 ||    19
Dodge: Dodged            |   167 |   181 ||   348
